 Dungeon Crawl Stone Soup version 0.22-a0-858-g985ef60 (webtiles) character file.

4456 poirepourri the Destroyer (level 10, -3/50 HPs)
             Began as a Deep Elf Conjurer on July 27, 2018.
             Was an Initiate of Vehumet.
             Slain by an orc warrior
             ... wielding a +0 war axe
              (12 damage)
             ... on level 6 of the Dungeon.
             The game lasted 00:10:43 (8177 turns).

poirepourri the Destroyer (Deep Elf Conjurer)       Turns: 8177, Time: 00:10:45

Health: -3/50      AC:  4    Str:  5    XL:     10   Next: 15%
Magic:  15/27      EV: 13    Int: 24    God:    Vehumet [......]
Gold:   318        SH:  0    Dex: 15    Spells: 14/32 levels left

rFire    + . .     SeeInvis .   a - +0 short sword
rCold    . . .     Gourm    .   (no shield)
rNeg     . . .     Faith    .   k - +0 robe
rPois    .         Spirit   .   x - +1 hat
rElec    .         Reflect  .   t - +0 cloak
rCorr    .         Harm     .   (no gloves)
MR       +....                  (no boots)
Stlth    ++........             (no amulet)
HPRegen  0.16/turn              i - ring of protection from fire
MPRegen  0.20/turn              (no ring)

@: no status effects
A: no striking features
a: Renounce Religion


You were on level 6 of the Dungeon.
You worshipped Vehumet.
Vehumet was noncommittal.
You were not hungry.

You visited 2 branches of the dungeon, and saw 8 of its levels.

You collected 318 gold pieces.

Inventory:

Hand Weapons
 a - a +0 short sword (weapon)
 f - the +4 mace of Massacring {flame, -Tele rN++ Int+9, unknown}
   (You found it on level 5 of the Dungeon)

   It has been specially enchanted to burn those struck by it, causing extra
   injury to most foes and up to half again as much damage against particularly
   susceptible opponents.
   It affects your intelligence (+9).
   It greatly protects you from negative energy.
   It prevents most forms of teleportation.
Armour
 k - a +0 robe (worn)
 t - a +0 cloak (worn)
 x - a +1 hat (worn)
Jewellery
 i - a ring of protection from fire (left hand)
 s - an uncursed amulet of faith
Wands
 c - a wand of iceblast (10)
 l - a wand of acid (12)
 n - a wand of random effects (35)
 r - a wand of flame (37)
Scrolls
 w - a scroll of enchant weapon
Potions
 b - 2 potions of flight
 g - a potion of resistance {unknown}
 j - a potion of berserk rage {unknown}
 m - 2 potions of lignification
 o - a potion of might {unknown}
 p - a potion of haste {unknown}
 q - a potion of degeneration {unknown}
 u - a potion of cancellation {unknown}
 v - a potion of curing {unknown}
Comestibles
 h - 3 rations


   Skills:
 - Level 2.4 Dodging
 - Level 2.4 Stealth
   Level 7.6 Shields
 + Level 11.6 Spellcasting
 - Level 14.0 Conjurations


You had 14 spell levels left.
You knew the following spells:

 Your Spells              Type           Power        Failure   Level  Hunger
a - Magic Dart            Conj           ####         0%          1    None
b - Searing Ray           Conj           ######       1%          2    None
c - Dazzling Spray        Conj/Hex       #####.       1%          3    None
d - Iskenderun's Mystic   Conj           ######..     1%          4    None
e - Force Lance           Conj/Tloc      #####...     2%          4    None
f - Fulminant Prism       Conj/Hex       #####.....   2%          4    None

Your spell library contained the following spells:

 Spells                   Type           Power        Failure   Level  Hunger
 Confuse                  Hex            ##......     14%         3    None
 Confusing Touch          Hex            ##....       4%          1    None
 Metabolic Englaciation   Hex/Ice        ##........   77%         5    ####...
 Petrify                  Tmut/Erth      ##......     41%         4    None
 Gell's Gravitas          Tloc           ##........   14%         3    None
 Yara's Violent Unravell  Hex/Tmut       ##........   77%         5    ####...


Dungeon Overview and Level Annotations

Branches:
Dungeon (7/15)             Temple (1/1) D:4

Altars:
Ashenzari
Cheibriados
Dithmenos
Elyvilon
Fedhas
Gozag
Hepliaklqana
Kikubaaqudgha
Makhleb
Nemelex Xobeh
Okawaru
Qazlal
Ru
Sif Muna
Trog
Uskayaw
Vehumet
Xom
Yredelemnul
Zin
The Shining One


Message History

The spray of energy hits the orc warrior.
The orc warrior is heavily wounded.
The orc warrior is dazzled.
The orc warrior misses you.
The orc warrior is no longer blind.
Casting: Dazzling Spray (safe; 1% risk of failure)
Confirm with . or Enter, or press ? or * to list all spells.
Aiming: Dazzling Spray (safe; 1% risk of failure)
Press: ? - help, Shift-Dir - straight line, f/p - orc warrior
Aim: an orc warrior, wielding a war axe and wearing a chain mail (heavily wounded)
The spray of energy hits the orc warrior.
The orc warrior is almost dead.
The orc warrior is dazzled.
The orc warrior barely misses you.
Casting: Dazzling Spray (safe; 1% risk of failure)
Confirm with . or Enter, or press ? or * to list all spells.
Aiming: Dazzling Spray (safe; 1% risk of failure)
Press: ? - help, Shift-Dir - straight line, f/p - orc warrior
Aim: an orc warrior, wielding a war axe and wearing a chain mail (almost dead, blind, hasn't noticed you)
The spray of energy misses the orc warrior.
The orc warrior hits you with a war axe!
You die...

.# #...............######........
.###..####....####...............
###..## ##...# #########.......
###.### #...# ##......#....
#.....## #...# ##..##........
.......## #...# ##..###....####
........# ##### ###.>## #....#
........#########.....# #....#
................@o....# #....#
........#########.....# ######
........# #.....# .......##
####### #.....## #######


You could see an orc warrior (blind).

Vanquished Creatures
  Edmund (D:4)
  4 orc warriors
  2 ice beasts
  2 phantoms
  A centaur (D:5)
  3 ogres
  A bullfrog (D:6)
  2 scorpions
  4 killer bees (D:6)
  2 howler monkeys
  3 crimson imps (D:7)
  A bullfrog zombie (D:5)
  Crazy Yiuf (D:5)
  5 orc priests
  A bullfrog skeleton (D:4)
  An iguana (D:4)
  2 orc wizards
  5 worker ants
  3 gnolls (D:6)
  10 adders
  An ooze (D:3)
  An adder skeleton (D:7)
  A dart slug (D:1)
  4 leopard geckos
  19 orcs
  3 ball pythons
  4 giant cockroaches
  6 goblins
  8 hobgoblins
  10 jackals
  2 quokkas (D:5)
  8 bats
  7 frilled lizards
  A giant cockroach zombie (D:5)
  4 kobolds
  A quokka skeleton (D:4)
  11 rats
145 creatures vanquished.

Notes
Turn   | Place    | Note
-------+----------+-------------------------------------------
     0 | D:1      | poirepourri the Deep Elf Conjurer began the quest for the Orb.
     0 | D:1      | Reached XP level 1. HP: 10/10 MP: 6/6
   133 | D:1      | Reached XP level 2. HP: 15/15 MP: 2/9
   549 | D:1      | Reached XP level 3. HP: 18/19 MP: 1/11
   574 | D:1      | Reached skill level 5 in Spellcasting
   768 | D:1      | Learned a level 2 spell: Searing Ray
   772 | D:1      | Learned a level 3 spell: Dazzling Spray
  1860 | D:2      | Reached XP level 4. HP: 24/24 MP: 10/14
  1896 | D:2      | Found an opulent altar of Gozag.
  1914 | D:2      | Found an opulent altar of Gozag.
  1917 | D:2      | Found a glowing silver altar of Zin.
  1921 | D:2      | Found a white marble altar of Elyvilon.
  1924 | D:2      | Found a blossoming altar of Fedhas.
  2000 | D:2      | Learned a level 4 spell: Iskenderun's Mystic Blast
  2005 | D:2      | Learned a level 4 spell: Force Lance
  2245 | D:3      | Found a sparkling altar of Nemelex Xobeh.
  2273 | D:3      | Noticed an ice beast
  2285 | D:3      | Killed an ice beast
  2285 | D:3      | Reached XP level 5. HP: 15/28 MP: 3/17
  2676 | D:3      | Found a shadowy altar of Dithmenos.
  2900 | D:4      | Found an iron altar of Okawaru.
  3110 | D:4      | Reached XP level 6. HP: 32/32 MP: 1/19
  3353 | D:4      | Found a staircase to the Ecumenical Temple.
  3411 | Temple   | Entered the Ecumenical Temple
  3662 | D:4      | Noticed Edmund
  3727 | D:4      | Killed Edmund
  3727 | D:4      | Reached skill level 10 in Spellcasting
  4193 | D:4      | Reached XP level 7. HP: 36/36 MP: 18/22
  4335 | D:4      | Found a sacrificial altar of Ru.
  4440 | D:5      | Entered Level 5 of the Dungeon
  4864 | D:4      | Reached skill level 13 in Conjurations
  4864 | D:4      | Reached XP level 8. HP: 41/41 MP: 20/25
  4865 | D:4      | Reached XP level 9. HP: 45/45 MP: 20/26
  5681 | D:5      | Found a runed door.
  5724 | D:5      | Got a faintly glowing mace
  5729 | D:5      | Noticed Crazy Yiuf
  5731 | D:5      | Killed Crazy Yiuf
  6391 | D:6      | Learned a level 4 spell: Fulminant Prism
  6472 | D:6      | Found a sacrificial altar of Ru.
  6496 | D:6      | Found a glowing golden altar of the Shining One.
  6660 | D:6      | Reached skill level 14 in Conjurations
  6803 | D:6      | Reached XP level 10. HP: 50/50 MP: 9/27
  7020 | D:6      | Found a hide-covered altar of Uskayaw.
  7650 | D:7      | Found a radiant altar of Vehumet.
  7674 | D:7      | Became a worshipper of Vehumet
  8177 | D:6      | Slain by an orc warrior

Vault maps used:
D:1:      tarquinn_simple_flora_water_f, serial_corexii_hall,
          corexii_hall_statues_l, corexii_hall_statues_i
D:2:      grunt_temple_overflow_cloverleaf, lemuel_statue_altar
D:3:      nemelex_altar_shiori, nicolae_overflow_hidden_temple, first_ration,
          kennysheep_boxes
D:4:      old_standard_altar, temple_statues, grunt_decor_fettered,
          okawaru_gym_becter, uniq_edmund
D:5:      minivault_27, uniq_crazy_yiuf_cottage
D:6:      kennysheep_little_box, eat_drink_and_be_merry_uskayaw,
          eino_small_chamber_without_monster, minmay_misc_feat_diagonals,
          nicolae_ru_awakened_eye
D:7:      kennysheep_mini_moat, serial_shops, kennysheep_mini,
          kennysheep_generic_room_16
Temple:   minmay_temple_curvy_loop

Skill      XL: |  1  2  3  4  5  6  7  8  9 |
---------------+----------------------------+-----
Spellcasting   | 4 6 7 8 10 11 | 11.6
Conjurations   | 13 14 | 14.0
Shields        | 7 |  7.6
Dodging        | |  2.4
Stealth        | |  2.4

Action                   |  1- 3 |  4- 6 |  7- 9 | 10-12 || total
-------------------------+-------+-------+-------+-------++-------
Melee: Unarmed           |       |    15 |       |       ||    15
       Short sword       |       |       |       |    19 ||    19
 Cast: Magic Dart        |    70 |    52 |    61 |    43 ||   226
       Searing Ray       |     8 |     8 |     9 |     3 ||    28
       Iskenderun's Myst |       |     6 |    30 |    23 ||    59
       Dazzling Spray    |       |     1 |    13 |     3 ||    17
  Use: Scroll            |       |     9 |     9 |     2 ||    20
       Potion            |       |       |     3 |     4 ||     7
  Eat: Ration            |     1 |     2 |     3 |     1 ||     7
Armor: Robe              |     3 |     2 |     3 |     9 ||    17
Dodge: Dodged            |    13 |     5 |    17 |    26 ||    61

Table legend:
 A = Spawn XP
 B = Non-spawn XP
 C = Spawn XP percentage of total XP
 D = Spawn monster count
 E = Non-spawn monster count
 F = Spawn count percentage of total count
 G = Total turns spent on level
                    A         B        C        D         E        F      G
               +---------+---------+-------+---------+---------+-------+---------
         Total |       0 |    3387 |   0.0 |       0 |     145 |   0.0 |  8177
               +---------+---------+-------+---------+---------+-------+---------
           D:1 |       0 |      69 |   0.0 |       0 |      33 |   0.0 |  1514
           D:2 |       0 |      62 |   0.0 |       0 |      20 |   0.0 |   694
           D:3 |       0 |     172 |   0.0 |       0 |       9 |   0.0 |   996
           D:4 |       0 |     673 |   0.0 |       0 |      18 |   0.0 |  1251
           D:5 |       0 |     840 |   0.0 |       0 |      20 |   0.0 |  1527
           D:6 |       0 |     747 |   0.0 |       0 |      19 |   0.0 |  1412
           D:7 |       0 |     824 |   0.0 |       0 |      26 |   0.0 |   568
               +---------+---------+-------+---------+---------+-------+---------
